 Dungeon Crawl Stone Soup version 0.20.0-15-g7f486f2 (webtiles) character file.

679 mike2R the Chopper (level 7, -5/84 HPs)
             Began as a Minotaur Warper on June 12, 2017.
             Slain by an ogre
             ... wielding a +0 giant club
              (8 damage)
             ... on level 5 of the Dungeon.
             The game lasted 00:27:57 (5264 turns).

mike2R the Chopper (Minotaur Warper)                Turns: 5264, Time: 00:27:58

Health: -5/84      AC: 23    Str: 16    XL:     7   Next: 34%
Magic:  1/8        EV:  2    Int: 11    God:
Gold:   163        SH:  2    Dex: 10    Spells: 1/8 levels left

rFire    . . .     SeeInvis .   a - +0 hand axe
rCold    . . .     Gourm    .   (no shield)
rNeg     + + +     Faith    .   (armour currently unavailable)
rPois    +         Spirit   .   (helmet currently unavailable)
rElec    .         Reflect  +   (cloak currently unavailable)
rCorr    .         Harm     .   (gloves currently unavailable)
MR       .....     NoTele   +   (boots currently unavailable)
Stlth    +.........             o - +2 amulet of reflection
Regen    0.3/turn               (no ring)
MPRegen  0.2/turn               (no ring)

@: tree-form, very slightly contaminated
A: (retaliatory headbutt)
a: no special abilities


You were on level 5 of the Dungeon.
You were very hungry.
You were a tree.
You visited 1 branch of the dungeon, and saw 5 of its levels.

You collected 163 gold pieces.

Inventory:

Hand Weapons
 a - a +0 hand axe (weapon)
 b - a +0 hunting sling
Missiles
 e - 2 tomahawks of dispersal (quivered)
 g - 71 stones
 m - 50 arrows
 D - 3 exploding tomahawks
 E - 6 bolts
Armour
 h - a +0 leather armour
 l - a +0 ring mail (melded)
 s - a +2 pair of gloves (melded)
 F - a +2 pair of boots (melded)
Jewellery
 o - a +2 amulet of reflection (around neck)
 y - a cursed ring of teleportation {unknown}
 H - an uncursed amulet of magic regeneration {unknown}
Wands
 I - a wand of random effects (18/48)
Scrolls
 d - a scroll of blinking
 j - 3 scrolls of magic mapping {unknown}
 n - 3 scrolls of remove curse
 p - 6 scrolls of identify {unknown}
 q - a scroll of enchant armour {unknown}
 t - a scroll of random uselessness {unknown}
 w - a scroll of fog {unknown}
 G - a scroll of noise {unknown}
Potions
 k - a potion of invisibility {unknown}
 r - a potion of haste {unknown}
 u - a potion of cancellation {unknown}
 v - a potion of brilliance {unknown}
 z - a potion of might {unknown}
 A - a potion of mutation {unknown}
 B - a potion of lignification
 C - a potion of curing {unknown}
 K - a potion of magic {unknown}
Books
 c - a book of Spatial Translocations

   Spells                             Type                      Level
   a - Blink                          Translocation                2
   b - Shroud of Golubria             Charms/Translocation         2
   c - Lesser Beckoning               Translocation                3
   d - Gell's Gravitas                Translocation                3
   e - Teleport Other                 Translocation                3
   f - Passage of Golubria            Translocation                4
 x - a book of Minor Magic

   Spells                             Type                      Level
   a - Magic Dart                     Conjuration                  1
   b - Blink                          Translocation                2
   c - Call Imp                       Summoning                    2
   d - Slow                           Hexes                        2
   e - Conjure Flame                  Conjuration/Fire             3
   f - Mephitic Cloud                 Conjuration/Poison/Air       3
Comestibles
 f - 3 bread rations
 J - a meat ration


   Skills:
 - Level 2.4 Fighting
 + Level 5.9 Axes
 - Level 1.0 Throwing
 - Level 4.8 Armour
 - Level 2.1 Dodging
 - Level 1.3 Spellcasting
 - Level 4.5 Translocations


You had one spell level left.
You knew the following spells:

 Your Spells              Type           Power        Failure   Level  Hunger
a - Blink                 Tloc           N/A          7%          2    ###....
b - Shroud of Golubria    Chrm/Tloc      #.........   19%         2    ###....
c - Gell's Gravitas       Tloc           ##........   14%         3    ####...


Dungeon Overview and Level Annotations

Branches:
Dungeon (5/15)
 Temple: D:4-7

Altars:
Ashenzari
Nemelex Xobeh
Okawaru
Xom


Innate Abilities, Weirdness & Mutations

((You reflexively headbutt those who attack you in melee.))
((You have a pair of horns on your head.))


Message History

The shadow imp hits you but does no damage.
You completely miss the ogre.
The ogre is severely wounded.
You hit the shadow imp but do no damage.
The shadow imp hits you but does no damage.
The ogre hits you with a giant club.
* * * LOW HITPOINT WARNING * * *
You barely miss the ogre.
The ogre is severely wounded.
You closely miss the shadow imp.
The shadow imp hits you but does no damage.
The ogre hits you with a giant club.
* * * LOW HITPOINT WARNING * * *
You hit the ogre.
The ogre is almost dead.
You closely miss the shadow imp. You block the shadow imp's attack.
You hit the ogre.
The ogre is almost dead.
You completely miss the shadow imp. The ogre hits you with a giant club!
You die...

#.####....#######.####).
#.............##...#....
#.##...............)....
#.##.......<..##...#.##.
#<......)...#####.##.##.
#.#####...#.# #.##.##.
#.# #...#.# #^...##. #.#
#5###.# #######< #.# #♣#
#.# ## #.# ##O# #.# #.#
#..# #.# #.# #.## #.#
##.####.####.#
#............#
#..####.######
#..###...########
#.?.............#


You could see an ogre and a shadow imp.

Vanquished Creatures
  2 ogres
  A phantom (D:4)
  2 scorpions
  A bullfrog skeleton (D:4)
  An orc wizard (D:4)
  Terence (D:2)
  3 worker ants (D:4)
  A killer bee zombie (D:5)
  A hound skeleton (D:4)
  5 adders
  4 oozes
  5 worms
  3 leopard geckos
  10 orcs
  3 giant cockroaches
  3 goblins
  5 hobgoblins
  4 quokkas
  A ball python (D:3)
  7 bats
  5 frilled lizards
  3 kobolds
  6 rats
77 creatures vanquished.

Notes
Turn   | Place    | Note
-------+----------+-------------------------------------------
     0 | D:1      | mike2R the Minotaur Warper began the quest for the Orb.
     0 | D:1      | Reached XP level 1. HP: 18/18 MP: 1/1
   123 | D:1      | Reached skill level 3 in Axes
   210 | D:1      | Reached XP level 2. HP: 24/25 MP: 3/3
   214 | D:1      | Learned a level 2 spell: Blink
   865 | D:2      | Reached XP level 3. HP: 29/30 MP: 4/4
   869 | D:2      | Noticed Terence
   899 | D:2      | Killed Terence
   904 | D:2      | Learned a level 2 spell: Shroud of Golubria
  1122 | D:2      | Reached XP level 4. HP: 37/37 MP: 5/5
  1557 | D:2      | Reached skill level 4 in Axes
  1681 | D:2      | Found a faded altar of an unknown god.
  1681 | D:2      | Found a faded altar of an unknown god.
  1686 | D:2      | Found a sparkling altar of Nemelex Xobeh.
  1691 | D:2      | Found a shimmering altar of Xom.
  1694 | D:2      | Found an iron altar of Okawaru.
  2789 | D:4      | Noticed an ogre
  2805 | D:3      | Killed an ogre
  2805 | D:3      | Reached XP level 5. HP: 36/42 MP: 0/6
  2990 | D:3      | Reached XP level 6. HP: 39/50 MP: 1/7
  4132 | D:4      | Reached XP level 7. HP: 28/56 MP: 8/8
  4363 | D:4      | Reached skill level 5 in Axes
  4702 | D:4      | Learned a level 3 spell: Gell's Gravitas
  4707 | D:5      | Entered Level 5 of the Dungeon
  5097 | D:5      | Found a shattered altar of Ashenzari.
  5209 | D:5      | HP: 1/56 [ogre/giant club (10)]
  5261 | D:5      | HP: 3/84 [ogre/giant club (3)]
  5264 | D:5      | Slain by an ogre

Skill      XL: |  1  2  3  4  5  6  7 |
---------------+----------------------+-----
Axes           | 3 4 5 |  5.9
Translocations | 3 4 |  4.5
Armour         | 3 4 |  4.8
Fighting       | |  2.4
Throwing       | |  1.0
Dodging        | |  2.1
Spellcasting   | |  1.3

Action                   |  1- 3 |  4- 6 |  7- 9 || total
-------------------------+-------+-------+-------++-------
Melee: Hand axe          |    76 |   122 |    92 ||   290
       Headbutt          |     9 |    18 |     8 ||    35
 Fire: Hunting sling     |     3 |    90 |    27 ||   120
Throw: Tomahawk          |       |     3 |       ||     3
 Cast: Shroud of Golubri |     1 |       |     2 ||     3
       Blink             |       |    14 |     5 ||    19
Evoke: Wand              |       |       |     1 ||     1
  Use: Scroll            |       |     1 |       ||     1
       Potion            |       |       |     1 ||     1
  Eat: Chunk             |     1 |     9 |     1 ||    11
       Royal jelly       |       |     1 |     1 ||     2
Armor: Leather armour    |    27 |       |       ||    27
       Ring mail         |     4 |    70 |    44 ||   118
       Skin              |       |       |     4 ||     4
Dodge: Dodged            |    45 |    63 |    37 ||   145
Block: Other             |     4 |     3 |     3 ||    10
       Reflection        |     1 |       |       ||     1
